 Dungeon Crawl Stone Soup version 0.14.0-17-gc0b17a5 (webtiles) character file.

77 staplegun the Practitioner (level 3, -3/28 HPs)
             Began as a Hill Orc Healer on Apr 18, 2014.
             Was a Believer of Elyvilon.
             Slain by Crazy Yiuf
             ... wielding a +2,+4 quarterstaff of chaos
              (14 damage)
             ... on Level 2 of the Dungeon.
             The game lasted 00:02:56 (1400 turns).

staplegun the Practitioner (Hill Orc Healer)        Turns: 1400, Time: 00:02:56

HP  -3/28        AC  3     Str 13 (14) XL: 3   Next: 29%
MP   1/6         EV 12     Int 13      God: Elyvilon [**....]
Gold 44          SH  0     Dex 10      Spells:  0 memorised,  2 levels left

rFire  . . .     SeeInvis .     k - +0 club
rCold  . . .     Clarity  .     a - +1 robe
rNeg   . . .     Conserve .     (no shield)
rPois  .         rCorr    .     (no helmet)
rElec  .         rRot     .     (no cloak)
SustAb . .       Spirit   .     (no gloves)
rMut   .         Warding  .     (no boots)
Saprov + . .     Stasis   .     (no amulet)
MR     .....                    (no ring)
                                (no ring)

@: slowed, very slow, not resistant to hostile enchantments, unstealthy
A: saprovore 1
a: Lesser Healing, Lesser Self-Healing, Divine Protection, Purification,
Renounce Religion


You were on level 2 of the Dungeon.
You worshipped Elyvilon.
Elyvilon was pleased with you.
You were not hungry.

You visited 1 branch of the dungeon, and saw 2 of its levels.

You collected 44 gold pieces.

Inventory:

Hand weapons
 k - a +0,+0 club (weapon)
Armour
 a - a +1 robe (worn)
Comestibles
 d - a meat ration
Scrolls
 e - a scroll of identify {unknown}
 f - a scroll of random uselessness {unknown}
 g - a scroll of remove curse {unknown}
 j - a scroll of fog {unknown}
 m - a scroll of noise {unknown}
Jewellery
 l - an uncursed ring of sustenance {unknown}
 n - an uncursed amulet of resist mutation {unknown}
Potions
 b - 2 potions of curing
 c - a potion of heal wounds


   Skills:
 - Level 1.2 Fighting
 + Level 1.2 Maces & Flails
 - Level 1.5 Dodging
 + Level 5.1 Invocations


You had 2 spell levels left.
You didn't know any spells.

Dungeon Overview and Level Annotations

Branches:
Dungeon (2/15)

Altars:

Annotations:
D:2 Crazy Yiuf


Innate Abilities, Weirdness & Mutations

You can tolerate rotten meat.


Message History

Heal: Crazy Yiuf, wielding a quarterstaff of chaos, wearing a cloak and carrying a wand of slowing {zapped: 9} The light of Elyvilon fails to reach Crazy Yiuf.
You feel somewhat more hungry. Crazy Yiuf barely misses you.
Crazy Yiuf zaps a wand.
You resist.
Use which ability? (? or * to list)
Press: ? - help, Dir - move target cursor, f/p - Crazy Yiuf Heal: Crazy Yiuf, wielding a quarterstaff of chaos and wearing a cloak The light of Elyvilon fails to reach Crazy Yiuf.
You feel somewhat more hungry.
Crazy Yiuf hits you with a quarterstaff of chaos.
Crazy Yiuf burns you.
You barely miss Crazy Yiuf.
Crazy Yiuf zaps a wand.
You feel as though you will be slow longer.
Crazy Yiuf zaps a wand.
You resist.
You hit Crazy Yiuf.
Crazy Yiuf is lightly wounded.
Crazy Yiuf waves his quarterstaff at you.
Crazy Yiuf hits you with a quarterstaff of chaos!
Ouch! That really hurt!
You die...

####...#......###
#.#
....)...........#
#%#
..............#.#
#.#
.......#......#.##
#.#
..##...#.........#
#.#
########..#####..##
#.# ###### #..#
##....###.# .....#
#..# ♣♣).))♣♣#.#
####)# #..#
♣♣♣.@.♣♣#.#
####.######
♣♣♣♣g♣♣♣
..........# ♣♣♣♣.♣♣
..........# ♣♣.♣♣♣
##.....#### ♣♣.♣♣♣
#.....# ♣.♣♣
#.....# #.#
#.....#### ..
#........# #..


You could see Crazy Yiuf.

Vanquished Creatures
  3 bats (D:2)
  3 hobgoblins (D:2)
  4 giant cockroaches
  2 goblins (D:2)
  2 kobolds (D:2)
  2 rats
16 creatures vanquished.

Vanquished Creatures (others)
  2 jackals (D:2)
  A kobold (D:2)
3 creatures vanquished.

Grand Total: 19 creatures vanquished

Notes
Turn   | Place    | Note
--------------------------------------------------------------
     0 | D:1      | staplegun, the Hill Orc Healer, began the quest for the Orb.
     0 | D:1      | Reached XP level 1. HP: 16/16 MP: 2/2
   238 | D:1      | Reached skill level 4 in Invocations
   334 | D:2      | Reached XP level 2. HP: 8/23 MP: 2/4
   609 | D:2      | HP: 1/23 [quokka (1)]
  1086 | D:2      | Reached skill level 1 in Maces & Flails
  1086 | D:2      | Reached XP level 3. HP: 21/28 MP: 6/6
  1187 | D:2      | Reached skill level 5 in Invocations
  1383 | D:2      | Noticed Crazy Yiuf
  1400 | D:2      | Slain by Crazy Yiuf

Action                   || total
-------------------------++-------
Melee: Unarmed           ||   184
       Club              ||    51
Invok: Lesser Healing    ||    22
       Lesser Self-Heali ||     1
  Use: Potion            ||     5
